 Dungeon Crawl Stone Soup version 0.20-a0-556-g892c87b (webtiles) character file.

7564 kroki the Grappler (level 10, -2/90 HPs)
             Began as a Yellow Draconian Transmuter on Feb 5, 2017.
             Was a Believer of Makhleb.
             Slain by Snorg (12 damage)
             ... on level 10 of the Dungeon.
             The game lasted 00:17:54 (14642 turns).

kroki the Grappler (Yellow Draconian Transmuter)   Turns: 14642, Time: 00:17:54

Health: -2/90      AC: 10    Str: 13    XL:     10   Next: 96%
Magic:  9/13       EV: 29    Int: 16    God:    Makhleb [**....]
Gold:   546        SH:  0    Dex: 17    Spells: 2/13 levels left

rFire    . . .     SeeInvis .     - Unarmed
rCold    . . .     Gourm    .   (armour unavailable)
rNeg     . . .     Faith    .   (shield currently unavailable)
rPois    .         Spirit   .   (helmet restricted)
rElec    .         Reflect  .   h - +2 cloak
rCorr    +         Harm     .   (gloves currently unavailable)
MR       .....                  (no boots)
Stlth    +++.......             g - amulet of magic regeneration
Regen    0.3/turn               u - +4 ring of evasion
                                J - +3 ring of evasion

@: agile, blade hands, very slightly contaminated
A: spit acid, acid resistance, unfitting armour, cold-blooded, AC +7
a: Breathe Acid, End Transformation, Minor Destruction, Renounce Religion


You were on level 10 of the Dungeon.
You worshipped Makhleb.
Makhleb was pleased with you.
You were very hungry.
You had blades for hands.
You visited 2 branches of the dungeon, and saw 11 of its levels.
You also visited: Bailey.

You collected 546 gold pieces.

Inventory:

Missiles
 a - 95 arrows
 G - a throwing net {=f, !d}
Armour
 h - a +2 cloak (worn)
   (You found it on level 1 of the Dungeon)
Magical Staves
 P - a cursed staff of summoning {unknown}
   (You found it on level 9 of the Dungeon)
Jewellery
 g - an amulet of magic regeneration (around neck)
   (You found it on level 7 of the Dungeon)
 t - an uncursed ring of flight {+Fly, !d}
   (You found it on level 4 of the Dungeon)
 u - a +4 ring of evasion (right scythe-like blade)
   (You found it on level 4 of the Dungeon)
 w - an uncursed ring of fire {rF+, rC-}
   (You took it off a centaur on level 8 of the Dungeon)
 I - an uncursed ring of fire {rF+, rC-}
   (You found it on level 7 of the Dungeon)
 J - a +3 ring of evasion (left scythe-like blade)
   (You took it off an orc on level 6 of the Dungeon)
Wands
 m - a wand of digging (14/24)
   (You found it on level 2 of the Dungeon)
 p - a wand of lightning (7/15)
   (You found it on level 8 of the Dungeon)
 v - a wand of digging (4/24)
   (You found it on level 8 of the Dungeon)
 y - a wand of enslavement (18/24)
   (You found it on level 5 of the Dungeon)
 F - a wand of iceblast (0/15)
   (You took it off a gnoll on level 5 of the Dungeon)
 L - a wand of random effects (31/48)
   (You found it on level 9 of the Dungeon)
 N - a wand of polymorph (6/24)
   (You found it on level 9 of the Dungeon)
 O - a wand of iceblast (4/15)
   (You found it on level 9 of the Dungeon)
Scrolls
 j - 2 scrolls of enchant weapon
 r - a scroll of fog
 x - 3 scrolls of remove curse
 z - a scroll of blinking {!r}
 D - 2 scrolls of identify
 H - a scroll of enchant armour
 R - a scroll of teleportation
Potions
 d - 2 potions of lignification {unknown}
 e - a potion of agility
 f - a potion of experience {unknown}
 i - 2 potions of might
 k - 3 potions of heal wounds
 o - 3 potions of cancellation
 q - a potion of resistance {unknown}
 s - a potion of degeneration {unknown}
 A - 4 potions of cure mutation {!q}
 B - 3 potions of brilliance
 C - 4 potions of curing
 M - 2 potions of haste
Books
 b - a book of Changes
 n - a book of Beasts
   (You found it on level 4 of the Dungeon)
Comestibles
 c - 4 bread rations {@e1}
 l - 13 fruits
 K - a meat ration {@e2}


   Skills:
 * Level 8.8 Fighting
 * Level 7.6 Dodging
 * Level 9.9 Unarmed Combat
 - Level 2.0 Spellcasting
 + Level 8.7 Transmutations


You had 2 spell levels left.
You knew the following spells:

 Your Spells              Type           Power        Failure   Level  Hunger
a - Beastly Appendage     Tmut           ####..       14%         1    #......
c - Spider Form           Tmut/Pois      ###.......   50%         3    ###....
s - Sticks to Snakes      Tmut           ####....     14%         2    ###....
x - Blade Hands           Tmut           ####......   58%         5    ######.


Dungeon Overview and Level Annotations

Branches:
Dungeon (10/15)            Temple (1/1) D:6
   Lair: D:8-11         Orc: D:9-12

Altars:
Ashenzari
Cheibriados
Dithmenos
Elyvilon
Fedhas
Gozag
Hepliaklqana
Kikubaaqudgha
Makhleb
Nemelex Xobeh
Okawaru
Qazlal
Ru
Sif Muna
Trog
Uskayaw
Vehumet
Xom
Yredelemnul
Zin
The Shining One

Shops:
D:7 (   D:9 :

Annotations:
D:10 Snorg


Innate Abilities, Weirdness & Mutations

You can spit globs of acid.
You are resistant to acid.
Your golden yellow scales are hard. (AC +7)
You cannot fit into any form of body armour.
You are cold-blooded and may be slowed by cold attacks.


Message History

You open the door.
There is an open door here.
There is an open door here.
There is an open door here.
There is an open door here.
There is an open door here.
There is an escape hatch in the floor here.
You slide downwards.
The hatch slams shut behind you.
Snorg and a zombie come into view.
Snorg shouts!
Found a stone staircase leading down.
You create 2 snakes!
You now have 97 arrows.
You are feeling hungry.
Casting: Sticks to Snakes You create a snake!
You now have 96 arrows.
A bullfrog skeleton comes into view.
Casting: Sticks to Snakes You don't know that spell.
Casting: Sticks to Snakes You create a snake!
You now have 95 arrows.
Casting: Sticks to Snakes You miscast Blade Hands.
You are very lightly contaminated with residual magic.
Your skin tingles.
You are feeling very hungry.
The water moccasin zombie misses you.
Your adder bites the water moccasin zombie.
Your ball python barely misses the water moccasin zombie.
Your ball python grabs the water moccasin zombie.
Your ball python constricts the water moccasin zombie.
Snorg closely misses your ball python. Snorg barely misses your ball python.
Snorg claws your ball python!
Your ball python dies!
You don't have enough magic to cast that spell.
You punch the water moccasin zombie! The water moccasin zombie bites you.
Your ball python closely misses the water moccasin zombie.
Your ball python grabs the water moccasin zombie.
Your ball python constricts the water moccasin zombie.
You barely miss the water moccasin zombie.
Your adder bites the water moccasin zombie.
Your ball python bites the water moccasin zombie.
Your ball python constricts the water moccasin zombie.
The water moccasin zombie closely misses you.
Snorg barely misses your adder. x3
Your ball python bites the water moccasin zombie.
Unknown command.
You barely miss the water moccasin zombie.
Your adder bites the water moccasin zombie.
The water moccasin zombie bites you.
Your ball python bites the water moccasin zombie.
Your ball python constricts the water moccasin zombie.
Snorg barely misses your adder. x3
The bullfrog skeleton hits your ball python.
Your ball python dies!
Your adder bites the water moccasin zombie.
You punch the water moccasin zombie!
You destroy the water moccasin zombie!
Makhleb accepts your kill.
You feel better. Snorg bites your adder. Snorg completely misses your adder.
Snorg misses your adder.
Your adder bites Snorg.
Okay, then.
Unknown command.
You feel agile all of a sudden.
The bullfrog skeleton hits you but does no damage.
Your adder bites Snorg.
Snorg is poisoned.
Your adder poisons Snorg!
Snorg bites your adder.
Your adder dies!
You don't have enough magic to cast that spell.
You don't have enough magic to cast that spell.
Magic courses through your body.
The bullfrog skeleton completely misses you.
Your ball python bites Snorg.
The bullfrog skeleton closely misses you.
You don't know that spell.
Your hands turn into razor-sharp scythe blades.
Your ball python bites Snorg.
The bullfrog skeleton hits you.
Snorg goes berserk!
Unknown command.
You slice Snorg!!
Your ball python closely misses Snorg.
The bullfrog skeleton hits you but does no damage.
Snorg misses you. x2; Snorg barely misses you.
You slice Snorg!! Snorg bites you!! Snorg misses you. Snorg closely misses you.
The bullfrog skeleton hits you.
Your ball python closely misses Snorg.
Unknown command.
You slice Snorg!!
Your tail-slap misses Snorg.
Snorg bites you!! Snorg barely misses you. x2
The bullfrog skeleton completely misses you.
Your ball python closely misses Snorg.
You hit Snorg. Snorg bites you!!
* * * LOW HITPOINT WARNING * * *
Snorg completely misses you. Snorg claws you!
* * * LOW HITPOINT WARNING * * *
The bullfrog skeleton misses you.
Your ball python bites Snorg.
Snorg barely misses you. Snorg completely misses you. Snorg closely misses you.
Unknown command.
You slash Snorg! You tail-slap Snorg.
The bullfrog skeleton closely misses you.
Your ball python barely misses Snorg.
Snorg bites you but does no damage. Snorg claws you!
You die...

..#
######.###
#......>.#
+........#
#........#
#........#
#...STZ..#
#.....@..#
#........#
#........#
##########


You could see Snorg (berserk), a bullfrog skeleton and a friendly ball python.

Vanquished Creatures
  Erica (D:8)
  A two-headed ogre (D:9)
  Pikel (D:6)
  A centaur zombie (D:9)
  Prince Ribbit (D:9)
  4 hippogriffs
  Sigmund (D:4)
  3 yaks (D:9)
  2 steam dragons (D:9)
  A water moccasin (D:7)
  Duvessa (D:7)
  7 orc warriors
  2 sky beasts
  3 ice beasts
  3 ogres
  A centaur (D:8)
  A big kobold (D:8)
  5 bullfrogs
  A wyvern zombie (D:6)
  2 water moccasin zombies
  2 scorpions
  Dowan (D:7)
  A howler monkey (D:5)
  4 crimson imps
  3 jellies
  2 orc priests (D:8)
  2 gnoll shamans
  4 hounds
  12 orc wizards
  A bullfrog skeleton (D:7)
  4 worker ants
  2 howler monkey zombies
  3 worker ant zombies
  15 gnolls
  A howler monkey skeleton (D:5)
  7 adders
  3 shadow imps
  An ooze (D:1)
  6 worms
  4 dart slugs
  9 leopard geckos
  56 orcs
  10 giant cockroaches
  14 goblins
  12 hobgoblins
  2 jackals (D:7)
  8 quokkas
  2 ball pythons
  9 bats
  8 frilled lizards
  14 kobolds
  11 rats
275 creatures vanquished.

Vanquished Creatures (collateral kills)
  A gnoll (D:3)
  6 orcs (Bailey)
7 creatures vanquished.

Vanquished Creatures (others)
  A centaur (D:8)
  An orc wizard (D:6)
  An adder (D:6)
3 creatures vanquished.

Grand Total: 285 creatures vanquished

Notes
Turn   | Place    | Note
-------+----------+-------------------------------------------
     0 | D:1      | kroki the Draconian Transmuter began the quest for the Orb.
     0 | D:1      | Reached XP level 1. HP: 16/16 MP: 3/3
   254 | D:1      | Reached XP level 2. HP: 18/23 MP: 5/5
   606 | D:1      | Reached skill level 4 in Unarmed Combat
   733 | D:1      | Reached XP level 3. HP: 12/28 MP: 4/6
   763 | D:1      | Learned a level 2 spell: Sticks to Snakes
   767 | D:1      | Learned a level 3 spell: Spider Form
  1646 | D:2      | Reached XP level 4. HP: 32/35 MP: 7/7
  2183 | D:3      | Reached skill level 3 in Transmutations
  2217 | D:3      | Found a bloodstained altar of Trog.
  2219 | D:3      | Found a deep blue altar of Sif Muna.
  2221 | D:3      | Found a sparkling altar of Nemelex Xobeh.
  2305 | D:3      | Found an opulent altar of Gozag.
  2753 | D:3      | Found a radiant altar of Vehumet.
  3002 | D:3      | Reached skill level 5 in Unarmed Combat
  3002 | D:3      | Reached XP level 5. HP: 19/40 MP: 2/8
  3009 | D:3      | HP: 10/40 [orc wizard/magic dart (8)]
  3702 | D:3      | Reached skill level 4 in Transmutations
  3703 | D:3      | HP: 6/40 [gnoll/whip (7)]
  4471 | D:4      | Noticed Sigmund
  4489 | D:4      | HP: 4/40 [something (9)]
  4492 | D:4      | Killed Sigmund
  4492 | D:4      | Reached skill level 5 in Transmutations
  4492 | D:4      | Reached XP level 6. HP: 13/47 MP: 2/9
  5368 | D:5      | Entered Level 5 of the Dungeon
  5591 | D:4      | Your scales start taking on a golden yellow colour.
  5591 | D:4      | Reached XP level 7. HP: 38/52 MP: 10/10
  5851 | D:4      | Reached skill level 2 in Dodging
  6138 | D:5      | Reached skill level 6 in Unarmed Combat
  6176 | D:5      | Reached skill level 6 in Transmutations
  6390 | D:5      | Reached skill level 2 in Fighting
  7064 | D:5      | Reached XP level 8. HP: 47/62 MP: 11/11
  7341 | D:6      | Reached skill level 3 in Dodging
  7363 | D:6      | Reached skill level 3 in Fighting
  7725 | D:6      | Reached skill level 7 in Transmutations
  7823 | D:6      | Reached skill level 4 in Fighting
  7823 | D:6      | Reached skill level 7 in Unarmed Combat
  7889 | D:6      | Reached skill level 4 in Dodging
  8359 | D:6      | Noticed Pikel
  8376 | D:6      | Killed Pikel
  8376 | D:6      | Reached XP level 9. HP: 63/73 MP: 9/12
  8400 | D:6      | Learned a level 5 spell: Blade Hands
  8427 | D:6      | Found a staircase to the Ecumenical Temple.
  8447 | Temple   | Entered the Ecumenical Temple
  8553 | Temple   | Became a worshipper of Makhleb the Destroyer
  8645 | D:6      | Reached skill level 5 in Fighting
  9083 | D:7      | Reached skill level 8 in Unarmed Combat
  9373 | D:7      | Reached skill level 5 in Dodging
  9415 | D:7      | Noticed Dowan
  9423 | D:7      | Killed Dowan
  9427 | D:7      | Noticed Duvessa
  9455 | D:7      | Killed Duvessa
  9672 | D:7      | Reached skill level 6 in Fighting
  9683 | D:7      | Found Geituj Utyal's Weapon Boutique.
  9950 | D:7      | Found a hide-covered altar of Uskayaw.
 10300 | D:7      | Found a sacrificial altar of Ru.
 10477 | D:7      | Reached * piety under Makhleb
 10634 | D:8      | Noticed Erica
 10705 | D:8      | Killed Erica
 10705 | D:8      | Reached skill level 7 in Fighting
 10705 | D:8      | Reached skill level 6 in Dodging
 10705 | D:8      | Reached skill level 8 in Transmutations
 10705 | D:8      | Reached XP level 10. HP: 68/86 MP: 13/13
 10730 | D:8      | Found a flagged portal.
 10751 | Bailey   | Entered a bailey
 10866 | Bailey   | Reached skill level 9 in Unarmed Combat
 10993 | Bailey   | Reached ** piety under Makhleb
 11285 | Bailey   | HP: 17/86 [orc warrior/glaive (18)]
 11586 | Bailey   | Noticed an orc knight
 11630 | Bailey   | HP: 16/86 [orc/halberd (17)]
 11661 | Bailey   | Noticed an orc knight
 11663 | Bailey   | Noticed an orc knight
 11663 | Bailey   | Noticed an orc knight
 12244 | D:8      | Found a hazy altar of Hepliaklqana.
 12376 | D:8      | Found a white marble altar of Elyvilon.
 12981 | D:9      | Noticed a two-headed ogre
 13009 | D:9      | HP: 13/88 [two-headed ogre/giant club (20)]
 13023 | D:9      | Killed a two-headed ogre
 13023 | D:9      | Reached skill level 8 in Fighting
 13023 | D:9      | Reached skill level 7 in Dodging
 13907 | D:9      | Found Jaeczar's Book Shop.
 13959 | D:9      | Noticed Prince Ribbit
 13970 | D:9      | Killed Prince Ribbit
 14626 | D:10     | Entered Level 10 of the Dungeon
 14626 | D:10     | Noticed Snorg
 14641 | D:10     | HP: 22/90 [Snorg (20)]
 14641 | D:10     | HP: 9/90 [Snorg (13)]
 14642 | D:10     | Slain by Snorg

Vault maps used:
D:1:      minmay_arrival_hallway, minmay_misc_feat_tower
D:3:      mumra_celtic_spiral_tile, nicolae_overflow_hidden_temple,
          grunt_temple_overflow_diamond, first_bread, gup_sewer_entry_pipe,
          grunt_gozag_breadcrumbs
D:4:      uniq_sigmund
D:6:      minmay_temple_entry_junction_2, uniq_pikel
D:7:      nicolae_ru_sacrificial_ziggurat, lemuel_round_altar, serial_shops,
          shop_coins, uniq_duvessa
D:8:      old_standard_altar, lemuel_doored_altar, enter_bailey_3, uniq_erica
D:9:      serial_shops, kennysheep_little_box, uniq_prince_ribbit1
D:10:     grunt_tengu_nest, uniq_snorg, uniq_maurice, uniq_sonja
Temple:   nicolae_temple_hex_pool
Bailey:   bailey_polearm_5, bailey

Skill      XL: |  1  2  3  4  5  6  7  8  9 10 |
---------------+-------------------------------+-----
Unarmed Combat | 4 5 6 7 8 9 |  9.9
Transmutations | 3 5 6 7 8 |  8.7
Dodging        | 2 4 6 7 |  7.6
Fighting       | 2 4 7 8 |  8.8
Spellcasting   | |  2.0

Action                   |  1- 3 |  4- 6 |  7- 9 | 10-12 || total
-------------------------+-------+-------+-------+-------++-------
Melee: Unarmed           |   169 |   315 |   527 |   279 ||  1290
       Tailslap          |    20 |    24 |    68 |    26 ||   138
       Punch             |       |     5 |    10 |     2 ||    17
 Cast: Beastly Appendage |     1 |       |       |       ||     1
       Spider Form       |       |     3 |     5 |    12 ||    20
       Sticks to Snakes  |       |     5 |     3 |    17 ||    25
       Blade Hands       |       |       |       |     2 ||     2
 Abil: Breathe Acid      |       |       |    30 |     5 ||    35
Evoke: Wand              |       |       |       |     3 ||     3
  Use: Scroll            |     6 |     4 |    11 |     6 ||    27
       Potion            |       |     1 |     1 |     3 ||     5
 Stab: Sleeping          |     1 |       |       |       ||     1
       Distracted        |       |       |     1 |     2 ||     3
       Invisible         |       |       |     4 |     3 ||     7
  Eat: Chunk             |     2 |    13 |    20 |     8 ||    43
       Royal jelly       |       |       |     2 |     1 ||     3
       Fruit             |       |       |       |     2 ||     2
       Bread ration      |       |       |       |     1 ||     1
Armor: Skin              |    43 |   103 |   128 |    37 ||   311
Dodge: Dodged            |   106 |   177 |   459 |   369 ||  1111

Vault maps used:
D:1:      minmay_arrival_hallway, minmay_misc_feat_tower
D:3:      mumra_celtic_spiral_tile, nicolae_overflow_hidden_temple,
          grunt_temple_overflow_diamond, first_bread, gup_sewer_entry_pipe,
          grunt_gozag_breadcrumbs
D:4:      uniq_sigmund
D:6:      minmay_temple_entry_junction_2, uniq_pikel
D:7:      nicolae_ru_sacrificial_ziggurat, lemuel_round_altar, serial_shops,
          shop_coins, uniq_duvessa
D:8:      old_standard_altar, lemuel_doored_altar, enter_bailey_3, uniq_erica
D:9:      serial_shops, kennysheep_little_box, uniq_prince_ribbit1
D:10:     grunt_tengu_nest, uniq_snorg, uniq_maurice, uniq_sonja
Temple:   nicolae_temple_hex_pool
Bailey:   bailey_polearm_5, bailey

Table legend:
 A = Turns spent in this place as a percentage of turns spent in the entire game.
 B = Non-inter-level travel turns spent in this place as a percentage of non-inter-level travel turns spent in the entire game.
 C = Inter-level travel turns spent in this place as a percentage of turns spent in this place.
 D = Turns resting spent in this place as a percentage of non-inter-level travel turns spent in this place.
 E = Turns spent auto-exploring this place as a percentage of non-inter-level travel turns spent in this place.
 F = Non-inter-level travel turns spent in this place divided by the number of levels of this place that you've seen.
                   A       B       C       D       E      F
               +-------+-------+-------+-------+-------+----------------------
         Total | 100.0 | 100.0 |   0.3 |   0.9 |   8.8 | 568.1
       Dungeon |  93.2 |  93.2 |   0.3 |   0.7 |   9.0 | 635.6
        Temple |   0.6 |   0.5 |   5.1 |   0.0 |  45.9 |  37.0
        Bailey |   6.2 |   6.2 |   0.0 |   3.8 |   3.5 | 424.0
               +-------+-------+-------+-------+-------+----------------------

Table legend:
 A = Kills in this place as a percentage of kills in entire the game.
 B = Kills by you in this place as a percentage of kills by you in the entire game.
 C = Kills by friends in this place as a percentage of kills by friends in the entire game.
 D = Other kills in this place as a percentage of other kills in the entire game.
 E = Experience gained in this place as a percentage of experience gained in the entire game.
 F = Experience gained in this place divided by the number of levels of this place that you have seen.
                   A       B       C       D       E      F
               +-------+-------+-------+-------+-------+----------------------
         Total | 100.0 | 100.0 | 100.0 | 100.0 | 100.0 | 900.5
       Dungeon |  89.8 |  91.6 |  14.3 | 100.0 |  93.6 | 1011.2
        Bailey |  10.2 |   8.4 |  85.7 |   0.0 |   6.4 | 694.0
               +-------+-------+-------+-------+-------+----------------------
